 Dungeon Crawl Stone Soup version 0.30.1-3-gfc49f6343a (webtiles) character file.

Game seed: 14772822100705252266

271 KyoPewz the Cudgeller (level 6, -3/59 HPs)
             Began as an Ogre Gladiator on July 31, 2023.
             Slain by a gnoll
             ... wielding a +2 dagger of chaos
              (5 damage)
             ... on level 3 of the Dungeon.
             The game lasted 00:09:14 (2465 turns).

KyoPewz the Cudgeller (Ogre Gladiator)              Turns: 2465, Time: 00:09:14

Health: -3/59      AC:  3    Str: 21    XL:     6   Next: 23%
Magic:  2/6        EV: 10    Int:  9    God:
Gold:   175        SH:  0    Dex: 10    Spells: 5/5 levels left

rFire   . . .        a - +0 flail
rCold   . . .        (no shield)
rNeg    . . .        b - +0 robe
rPois   +            c - +0 hat
rElec   .            (no cloak)
rCorr   .            (gloves unavailable)
SInv    .            (boots unavailable)
Will    .....        (no amulet)
Stlth   +            P - ring of poison resistance
HPRegen 0.29/turn    (no ring)
MPRegen 0.10/turn

%: no passive effects
@: lethally poisoned (-3 -> -8)
A: large, unfitting armour, tough skin 1
a: no special abilities


You were on level 3 of the Dungeon.
You visited 1 branch of the dungeon, and saw 3 of its levels.
You also visited: Sewer.

You collected 175 gold pieces.

Inventory:

Hand Weapons
 a - a +0 flail (weapon)
Missiles
 d - 3 throwing nets
 g - 33 stones (quivered)
 l - 11 poisoned darts
 p - 5 javelins
Armour
 b - a +0 robe (worn)
 c - a +0 hat (worn)
Jewellery
 P - a ring of poison resistance (left hand)
Scrolls
 f - 6 scrolls of identify {unknown}
 h - a scroll of noise {unknown}
 i - a scroll of torment {unknown}
 m - 2 scrolls of magic mapping {unknown}
 o - a scroll of fear {unknown}
 t - 2 scrolls of teleportation {unknown}
 u - a scroll of blinking {unknown}
 v - a scroll of enchant weapon {unknown}
Potions
 j - 3 potions of degeneration {unknown}
 k - 2 potions of resistance {unknown}
 n - a potion of invisibility {unknown}
 q - a potion of curing {unknown}
 r - 2 potions of mutation {unknown}
 s - a potion of heal wounds {unknown}
 w - a potion of experience {unknown}
 x - a potion of ambrosia {unknown}
 z - 2 potions of lignification {unknown}


   Skills:
 - Level 2.6 Fighting
 * Level 5.3 Maces & Flails
 + Level 3.9 Throwing
 - Level 2.6 Dodging


You had 5 spell levels left.
You didn't know any spells.
Your spell library contained the following spells:

 Spells                   Type           Power      Damage    Failure   Level
 Cigotuvi's Dreadful Rot  Necr/Pois/Air  0%         N/A       52%         2
 Ensorcelled Hibernation  Hex/Ice        0%         N/A       52%         2
 Scorch                   Fire           0%         2d5       52%         2
 Ignite Poison            Fire/Tmut/Pois 0%         N/A       77%         3
 Ozocubu's Armour         Ice            0%         N/A       77%         3
 Volatile Blastmotes      Fire/Tloc      0%         2d10      77%         3
 Fulminant Prism          Conj/Hex       0%         3d5       99%         4
 Iskenderun's Mystic Bla  Conj/Tloc      0%         2d3       99%         4
 Freezing Cloud           Conj/Ice/Air   0%         6-21      100%        5
 Lee's Rapid Deconstruct  Erth           0%         3d4*      100%        5
 Ozocubu's Refrigeration  Ice            0%         4d7       100%        7


Dungeon Overview and Level Annotations

Branches:
Dungeon (3/15)              Sewer (visited)

Altars:
Gozag
Hepliaklqana
Okawaru

Shops:
D:1 *


Innate Abilities, Weirdness & Mutations

You are too large for most types of armour.
You have tough skin. (AC +1)


Message History

2 gnolls come into view.
A gnoll is wielding a +0 dagger of chaos.
A gnoll is wielding a +2 dagger of chaos.
The gnoll shouts! x2
A gnoll comes into view. It is wielding a +1 spear of chaos.
The gnoll shouts!
No reachable target in view!
You hit the gnoll but do no damage.
The gnoll hits you with a +0 dagger of chaos!
You take 7 damage, and have 52/59 hp.
You sock the gnoll!
The gnoll is heavily wounded.
The gnoll attacks as you move away!
The gnoll hits you with a +0 dagger of chaos.
You are electrocuted!!
You take 25 damage, and have 28/59 hp.
MASSIVE DAMAGE!!
You sock the gnoll!
You kill the gnoll!
You barely miss the gnoll.
The gnoll hits you with a +2 dagger of chaos.
You are electrocuted!
* * * LOW HITPOINT WARNING * * *
You take 13 damage, and have 15/59 hp.
MASSIVE DAMAGE!!
You closely miss the gnoll. The gnoll barely misses you.
The gnoll hits you from afar with a +1 spear of chaos.
* * * LOW HITPOINT WARNING * * *
You are poisoned.
You take 4 damage, and have 11/59 hp.
Throw: large rock
Press: ? - help, Shift-Dir - straight line, f - gnoll
Aim: a gnoll, wielding a +1 spear of chaos (61% to hit)
You throw a large rock. The large rock hits the gnoll!
The gnoll is heavily wounded.
* * * LOW HITPOINT WARNING * * *
You feel very sick. The gnoll completely misses you.
The gnoll hits you from afar with a +1 spear of chaos.
* * * LOW HITPOINT WARNING * * *
You feel your power leaking away.
The gnoll hits you with a +2 dagger of chaos.
You die...

##~##~~##~## #.#
##..######..
#~~~#~~#~~~#
#.###.#⌠##.# #..
#~~~÷~~#~~~#
###.#g#.#########..
##~######~##
#####~...##..##...
### #.# ##.##..#~#
#....†#. #.#
#~~.#..# ##.##)..
#.# ###.#.# #####..
#.####.#gg~# ###
#....#.@##~....#
####### ####...##
#.##^# #......
#.####.~...
##.#####
#.###~##.#^.
#...#### #.#
...#..~.#.#.....
#.# ~#~#
.~.#...#### #.#
#..≈. .##.## #.#
.#^~~ #.# #.# #.#


You could see 2 gnolls.

Vanquished Creatures
  A water moccasin (Sewer)
  An orc priest (D:3)
  2 gnolls (D:3)
  4 adders
  A worm (D:3)
  A dart slug (D:1)
  4 orcs (D:3)
  5 bats
  7 endoplasms
  2 giant cockroaches (D:2)
  7 goblins
  7 hobgoblins
  4 jackals (Sewer)
  7 kobolds
  4 quokkas
  6 ball pythons
  A frilled lizard (D:2)
  8 rats
72 creatures vanquished.

Notes
Turn   | Place    | Note
-------+----------+-------------------------------------------
     0 | D:1      | KyoPewz the Ogre Gladiator began the quest for the Orb.
     0 | D:1      | Reached XP level 1. HP: 22/22 MP: 1/1
    66 | D:1      | Found Belyarut's General Store.
    73 | D:1      | Reached skill level 3 in Maces & Flails
    77 | D:1      | Reached XP level 2. HP: 19/29 MP: 2/2
   474 | D:1      | Reached XP level 3. HP: 36/36 MP: 3/3
   804 | D:2      | Got Zyitakor's Compilation of the Sneaky Bones
   996 | D:2      | Found an opulent altar of Gozag.
  1537 | D:3      | Found a hazy altar of Hepliaklqana.
  1635 | D:3      | Reached skill level 4 in Maces & Flails
  1635 | D:3      | Reached XP level 4. HP: 41/44 MP: 4/4
  1648 | D:3      | Found an iron altar of Okawaru.
  1751 | D:3      | Reached XP level 5. HP: 9/50 MP: 5/5
  2063 | D:3      | Found a glowing drain.
  2070 | Sewer    | Entered a sewer
  2177 | Sewer    | Noticed a water moccasin
  2185 | Sewer    | Killed a water moccasin
  2186 | Sewer    | Reached skill level 5 in Maces & Flails
  2186 | Sewer    | Reached XP level 6. HP: 25/59 MP: 6/6
  2465 | D:3      | HP: 2/59 [gnoll/+1 spear of chaos (5)]
  2465 | D:3      | Slain by a gnoll

Illustrated notes

Levels and vault maps discovered:
D:1:      dpeg_arrival_line_fractal, layout_basic, serial_shops, shop
D:2:      layout_basic, basic_altar
D:3:      layout_loops_ring, tgw_xom, mainiacjoe_overflow_large_starburst,
          gup_sewer_entry_bubbles, dreamdust_mushroom_princess,
          small_statue_intersection, kennysheep_generic_room_2

Skill      XL: |  1  2  3  4  5 |
---------------+----------------+-----
Maces & Flails | 3 4 5 |  5.3
Throwing       | 3 |  3.9
Fighting       | |  2.6
Dodging        | |  2.6

Action                     |  1- 3 |  4- 6 || total
---------------------------+-------+-------++-------
  Melee: Flail             |   114 |    84 ||   198
         Punch             |     1 |       ||     1
  Throw: Dart              |     1 |       ||     1
         Javelin           |       |     3 ||     3
         Large rock        |       |     3 ||     3
 Armour: Robe              |    34 |    14 ||    48
  Dodge: Dodged            |    59 |    32 ||    91
